 Dungeon Crawl Stone Soup version 0.31.0-12-g77e489cdc1 (webtiles) character file.

Game seed: 17097235107829691197

213 Skullbone the Firebug (level 5, -13/35 HPs)
             Began as a Human Fire Elementalist on Mar 4, 2024.
             Was a Believer of Cheibriados.
             Mangled by an ogre
             ... wielding a +0 giant spiked club
              (18 damage)
             ... on level 4 of the Dungeon on Mar 5, 2024.
             The game lasted 00:24:34 (2901 turns).

Skullbone the Firebug (Human Fire Elementalist)     Turns: 2901, Time: 00:24:34

Health: -13/35     AC: 11    Str: 14    XL:     5   Next: 90%
Magic:  5/9        EV: 12    Int: 22    God:    Cheibriados [**....]
Gold:   147        SH:  0    Dex: 24    Spells: 5/10 levels left

rFire   . . .        w - +1 short sword (venom)
rCold   . . .        (no shield)
rNeg    . . .        x - +3 ring mail
rPois   .            v - +0 helmet
rElec   .            (no cloak)
rCorr   .            t - +1 pair of gloves
SInv    .            (no boots)
Will    .....        (no amulet)
Stlth   ++           i - +6 ring of dexterity
HPRegen 0.25/turn    (no ring)
MPRegen 0.11/turn

%: no passive effects
@: very slow
A: explore regen
a: Renounce Religion, Bend Time


You were on level 4 of the Dungeon.
You worshipped Cheibriados.
Cheibriados was pleased with you.
You visited 1 branch of the dungeon, and saw 4 of its levels.

You collected 147 gold pieces.

Inventory:

Hand Weapons
 e - a +0 short sword
 f - a +0 club
 p - a +0 long sword
 w - a +1 short sword of venom (weapon)
Missiles
 c - 22 stones
Armour
 a - a +0 robe
 h - a +0 leather armour
 k - a +0 buckler
 m - a +0 ring mail
 o - the +1 leather armour of Gelor {rElec rF++ rN++}
   (You found it on level 2 of the Dungeon)

   rF++:      It greatly protects you from fire.
   rElec:     It insulates you from electricity.
   rN++:      It greatly protects you from negative energy.
 t - a +1 pair of gloves (worn)
 v - a +0 helmet (worn)
 x - a +3 ring mail (worn)
Jewellery
 i - a +6 ring of dexterity (left hand)
Scrolls
 d - 3 scrolls of identify
 j - a scroll of blinking
 n - a scroll of poison {unknown}
 q - a scroll of amnesia {unknown}
 r - a scroll of teleportation {unknown}
 s - a scroll of immolation {unknown}
 y - a scroll of revelation {unknown}
Potions
 b - 2 potions of enlightenment {unknown}
 g - a potion of attraction {unknown}
 l - 3 potions of curing {unknown}
 u - a potion of mutation {unknown}


   Skills:
 + Level 3.1 Dodging
 + Level 3.2 Stealth
 + Level 3.0 Spellcasting
 + Level 2.5 Conjurations
 + Level 3.9 Fire Magic


You had 5 spell levels left.
You knew the following spells:

 Your Spells              Type           Power      Damage    Failure   Level
a - Foxfire               Conj/Fire      68%        2x1d7     7%          1
b - Scorch                Fire           40%        2d6       8%          2
c - Shock                 Conj/Air       36%        1d5       16%         1
d - Slow                  Hex            12%        N/A       26%         1

Your spell library contained the following spells:

 Spells                   Type           Power      Damage    Failure   Level
 Inner Flame              Hex/Fire       11%        N/A       34%         3
 Volatile Blastmotes      Fire/Tloc      22%        2d11      34%         3
 Flame Wave               Conj/Fire      17%        2d7       54%         4
 Confusing Touch          Hex            3%         N/A       58%         3
 Sigil of Binding         Hex            3%         N/A       58%         3
 Swiftness                Air            3%         N/A       58%         3
 Vampiric Draining        Necr           3%         2d6       58%         3
 Airstrike                Air            1%         2d(1-17)  94%         4


Dungeon Overview and Level Annotations

Branches:
Dungeon (4/15)
 Temple: D:4-7

Altars:
Cheibriados
Hepliaklqana


Innate Abilities, Weirdness & Mutations

You regain HP and MP as you explore.


Message History

Confirm with . or Enter, or press ? or * to list all spells.
You don't know that spell.
Casting: Foxfire (safe; 7% risk of failure)
Confirm with . or Enter, or press ? or * to list all spells.
You don't know that spell.
Casting: Foxfire (safe; 7% risk of failure)
Confirm with . or Enter, or press ? or * to list all spells.
Aiming: Slow (safe; 26% risk of failure)
Press: ? - help, Shift-Dir - straight line, f - ogre
Aim: an ogre, wielding a +0 giant spiked club (chance to affect: 36%)
The ogre easily resists.
Casting: Slow (safe; 26% risk of failure)
Confirm with . or Enter, or press ? or * to list all spells.
Flames lash the ogre.
The ogre is lightly wounded.
The ogre's fire resistance burns away.
Casting: Scorch (safe; 8% risk of failure)
Confirm with . or Enter, or press ? or * to list all spells.
You conjure some foxfire!
Your foxfire dissipates!
The foxfire hits the ogre.
The ogre is burned terribly!
The ogre is moderately wounded.
The ogre is no longer more vulnerable to fire.
The ogre hits you with a +0 giant spiked club!
Casting: Foxfire (safe; 7% risk of failure)
Confirm with . or Enter, or press ? or * to list all spells.
You conjure some foxfire!
The ogre hits you with a +0 giant spiked club!!
Ouch! That really hurt!
* * * LOW HITPOINT WARNING * * *
The foxfire hits the ogre.
The ogre is moderately wounded.
The foxfire hits the ogre.
The ogre is heavily wounded.
As you read the scroll labelled ICZOAZO URAWK, it crumbles to dust.
It is a scroll of identify.
j - a scroll of blinking The ogre hits you with a +0 giant spiked club!!
Ouch! That really hurt!
You die...

............ +......
........... #......
#..........#+#####......
#.......................
#.......................
#.......................
#....####+#.<...........
#....'....#.......######
#
##....#O@..#########.....
(.#.#.....#§...# .......
..#.#.....#....# .......
..........#....# .......
..........#....# ....÷..
.....)....#+##### ##...##
#####...........# #...#
#...........###+####.....
#..................#... .


You could see an ogre.

Vanquished Creatures
  A scorpion (D:3)
  A hound (D:3)
  5 adders
  6 dart slugs
  A ribbon worm (D:2)
  5 orcs
  4 bats
  7 endoplasms
  2 giant cockroaches (D:1)
  5 goblins
  7 hobgoblins
  5 jackals
  5 kobolds
  5 ball pythons
  2 frilled lizards
  3 rats
64 creatures vanquished.

Vanquished Creatures (others)
  92 foxfires
92 creatures vanquished.

Grand Total: 156 creatures vanquished

Notes
Turn   | Place    | Note
-------+----------+-------------------------------------------
     0 | D:1      | Skullbone the Human Fire Elementalist began the quest for
                  | the Orb.
     0 | D:1      | Reached XP level 1. HP: 13/13 MP: 3/3
   169 | D:1      | Reached XP level 2. HP: 4/19 MP: 0/5
   394 | D:1      | Learned a level 2 spell: Scorch
   762 | D:1      | Reached XP level 3. HP: 24/24 MP: 1/6
  1222 | D:2      | Found a faded altar of an unknown god.
  1228 | D:2      | Prayed at the altar of an unknown god.
  1228 | D:2      | Became a worshipper of Cheibriados the Contemplative
  1228 | D:2      | Reached * piety under Cheibriados
  1465 | D:2      | Reached XP level 4. HP: 29/30 MP: 2/7
  1471 | D:2      | Identified the +1 leather armour of Gelor {rElec rF++ rN++}
  1873 | D:3      | Reached ** piety under Cheibriados
  1997 | D:3      | Noticed a scorpion
  2005 | D:3      | Killed a scorpion
  2006 | D:3      | Reached XP level 5. HP: 31/35 MP: 5/9
  2762 | D:4      | Found a hazy altar of Hepliaklqana.
  2848 | D:4      | Learned a level 1 spell: Shock
  2850 | D:4      | Learned a level 1 spell: Slow
  2891 | D:4      | Noticed an ogre
  2901 | D:4      | Mangled by an ogre

Illustrated notes

Levels and vault maps discovered:
D:1:      minmay_arrival_radiant_lines, layout_loops_corners
D:2:      layout_basic, chequers_ecumenical_altar_simple_redux
D:3:      layout_basic
D:4:      minmay_diamond_boxcup, layout_gridville, trog_book,
          mainiacjoe_overflow_surrounded_room

Skill      XL: |  1  2  3  4  5 |
---------------+----------------+-----
Conjurations   | 2 |  2.5
Stealth        | 3 |  3.2
Dodging        | 3 |  3.1
Spellcasting   | 3 |  3.0
Fire Magic     | |  3.9

Action                     |  1- 3 |  4- 6 || total
---------------------------+-------+-------++-------
  Melee: Short sword       |    29 |     2 ||    31
         Unarmed           |     3 |       ||     3
         Long sword        |       |    20 ||    20
   Cast: Foxfire           |    27 |    24 ||    51
         Scorch            |    20 |    13 ||    33
         Slow              |       |     1 ||     1
    Use: Potion            |     1 |       ||     1
         Scroll            |       |     1 ||     1
 Armour: Robe              |    18 |       ||    18
         Leather armour    |     7 |    23 ||    30
         Ring mail         |     5 |     3 ||     8
  Dodge: Dodged            |    34 |    42 ||    76
